SAAA
SYRACUSE SQUIRREL MONKEYS @ PAWNEE PARKSNREC
06/03/2043
 
TOP OF THE 1ST
Syracuse Squirrel Monkeys batting - Pitching for Pawnee ParksNRec : RHP Bill Slaughter
Pitching: RHP Bill Slaughter
Batting: RHB Yong-ho Jheon 0-0: Ball
1-0: Ball
2-0: Ball
3-0: Base on Balls
Batting: LHB Quentin Batkin 0-0: Called Strike
0-1: Ball
1-1: SINGLE (Line Drive, 8LS, EV 108.1 MPH)
Yong-ho Jheon to second
Runner from 2nd tries for 3rd, SAFE, throw by CF made to third
Batting: RHB Pancho Hernández 0-0: Ball
1-0: Ball
2-0: Foul Ball, location: 2F
2-1: Called Strike
2-2: Strikes out swinging
Batting: RHB Gene Wilson 0-0: Ball
Quentin Batkin steals 2nd base
1-0: Ball
2-0: SINGLE (Line Drive, 8LS, EV 89.4 MPH)
Yong-ho Jheon scores
Quentin Batkin to third
Runner from 3rd tries for Home, SAFE, no throw by CF
Batting: SHB John Clements 0-0: Ball
1-0: Foul Ball, location: 2F
1-1: Called Strike
1-2: Ball
2-2: Ball
3-2: Fly out, F9 (Flyball, 9D, EV 86.2 MPH)
Batting: RHB Garm van Opdorp 0-0: Ball
1-0: Ball
2-0: Ball
3-0: Base on Balls
Gene Wilson to second
Batting: RHB Denis Perrin 0-0: DOUBLE (Line Drive, 9LS, EV 105.0 MPH)
Gene Wilson scores
Garm van Opdorp to third
Runner from 3rd tries for Home, SAFE, throw by RF to trailing runner, SAFE at third!
Batting: LHB Bud Randall 0-0: Ball
1-0: Foul Ball, location: 2F
1-1: Fly out, F7 (Flyball, 7S, EV 92.5 MPH)
Top of the 1st over - 4 runs, 3 hits, 0 errors, 1 left on base; Syracuse 4 - Pawnee 0
BOTTOM OF THE 1ST
Pawnee ParksNRec batting - Pitching for Syracuse Squirrel Monkeys : RHP Matt Dunn
Pitching: RHP Matt Dunn
Batting: RHB Hiroshige Ohashi 0-0: Called Strike
0-1: Ball
1-1: Ball
2-1: Ball
3-1: Ground out U3 (Groundball, 3, EV 77.5 MPH)
Batting: RHB Axel Chicote 0-0: Called Strike
0-1: Fly out, F8 (Flyball, 78D, EV 105.0 MPH)
Batting: LHB Cho-yun Yip 0-0: Ball
1-0: Foul Ball, location: 2F
1-1: Swinging Strike
1-2: DOUBLE (Line Drive, 78D, EV 104.4 MPH)
Batting: LHB Won-shik Yi 0-0: Ball
1-0: Ball
2-0: Called Strike
2-1: Foul Ball, location: 2F
2-2: Ball
3-2: Ground out 4-3 (Groundball, 4, EV 91.9 MPH)
Bottom of the 1st over - 0 runs, 1 hit, 0 errors, 1 left on base; Syracuse 4 - Pawnee 0
TOP OF THE 2ND
Syracuse Squirrel Monkeys batting - Pitching for Pawnee ParksNRec : RHP Bill Slaughter
Batting: RHB Luis Rodríguez 0-0: Called Strike
0-1: Ball
1-1: Fly out, F8 (Line Drive, 8LD, EV 86.9 MPH)
Batting: RHB Yong-ho Jheon 0-0: Ball
1-0: Fly out, F9 (Flyball, 89S, EV 96.9 MPH)
Batting: LHB Quentin Batkin 0-0: Ball
1-0: Ball
2-0: Called Strike
2-1: Swinging Strike
2-2: Foul Ball, location: 2F
2-2: SINGLE (Groundball, 34D, EV 106.2 MPH)
Batting: RHB Pancho Hernández 0-0: Ball
1-0: Ground out 3-1 (Groundball, 34S, EV 55.6 MPH)
Top of the 2nd over - 0 runs, 1 hit, 0 errors, 1 left on base; Syracuse 4 - Pawnee 0
BOTTOM OF THE 2ND
Pawnee ParksNRec batting - Pitching for Syracuse Squirrel Monkeys : RHP Matt Dunn
Batting: RHB Manuel Acosta 0-0: Ball
1-0: Called Strike
1-1: Ball
2-1: Ball
3-1: Called Strike
3-2: Fly out, F8 (Flyball, 8LXD, EV 101.9 MPH)
Batting: RHB Josh Mawdesley 0-0: Called Strike
0-1: Called Strike
0-2: Ball
1-2: Ball
2-2: SINGLE (Groundball, 6MD, EV 98.1 MPH)
Batting: SHB Jake Pinto 0-0: Ball
Josh Mawdesley is caught stealing 2nd base 2-6
1-0: Ball
2-0: Called Strike
2-1: Ball
3-1: Swinging Strike
3-2: Foul Ball, location: 2F
3-2: Base on Balls
Batting: LHB Hori Ikenaki 0-0: Called Strike
0-1: Ball
1-1: Foul Ball, location: 2F
1-2: Foul Ball, location: 2F
1-2: Foul Ball, location: 2F
1-2: Fly out, F4 (Flyball, 4D, EV 77.5 MPH)
Bottom of the 2nd over - 0 runs, 1 hit, 0 errors, 1 left on base; Syracuse 4 - Pawnee 0
TOP OF THE 3RD
Syracuse Squirrel Monkeys batting - Pitching for Pawnee ParksNRec : RHP Bill Slaughter
Batting: RHB Gene Wilson 0-0: Ball
1-0: Hit by Pitch
Batting: SHB John Clements 0-0: Ball
1-0: Swinging Strike
1-1: Fielders Choice at 2nd, 4-6 (Groundball, 4M, EV 80.6 MPH)
Batting: RHB Garm van Opdorp 0-0: Ball
1-0: Ball
2-0: Called Strike
2-1: Foul Ball, location: 2F
2-2: Foul Ball, location: 2F
2-2: Ball
3-2: Base on Balls
John Clements to second
Batting: RHB Denis Perrin 0-0: Called Strike
0-1: Foul Ball, location: 2F
0-2: Strikes out swinging
Batting: LHB Bud Randall 0-0: Ball
1-0: Swinging Strike
1-1: Swinging Strike
1-2: Strikes out swinging
Top of the 3rd over - 0 runs, 0 hits, 0 errors, 2 left on base; Syracuse 4 - Pawnee 0
BOTTOM OF THE 3RD
Pawnee ParksNRec batting - Pitching for Syracuse Squirrel Monkeys : RHP Matt Dunn
Batting: SHB Ernesto Sacasas 0-0: Called Strike
0-1: Called Strike
0-2: Ground out 5-3 (Groundball, 5, EV 81.9 MPH)
Batting: RHB Hiroshige Ohashi 0-0: Ground out 6-3 (Groundball, 6, EV 90.0 MPH)
Batting: RHB Axel Chicote 0-0: Called Strike
0-1: Ball
1-1: Fly out, F8 (Line Drive, 8RM, EV 88.8 MPH)
Bottom of the 3rd over - 0 runs, 0 hits, 0 errors, 0 left on base; Syracuse 4 - Pawnee 0
TOP OF THE 4TH
Syracuse Squirrel Monkeys batting - Pitching for Pawnee ParksNRec : RHP Bill Slaughter
Batting: RHB Luis Rodríguez 0-0: Foul Ball, location: 2F
0-1: Swinging Strike
0-2: Strikes out swinging
Batting: RHB Yong-ho Jheon 0-0: Called Strike
0-1: Ball
1-1: Ball
2-1: Ball
3-1: Base on Balls
Batting: LHB Quentin Batkin 0-0: Called Strike
0-1: Called Strike
0-2: Ball
1-2: Strikes out swinging
Batting: RHB Pancho Hernández 0-0: Foul Ball, location: 2F
0-1: Ball
1-1: Ball
2-1: SINGLE (Line Drive, 34D, EV 95.6 MPH)
Yong-ho Jheon to second
Runner from 2nd tries for 3rd, SAFE, throw by RF made to third
Batting: RHB Gene Wilson 0-0: Ball
1-0: Called Strike
1-1: Ground out 4-3 (Groundball, 4, EV 85.6 MPH)
Top of the 4th over - 0 runs, 1 hit, 0 errors, 2 left on base; Syracuse 4 - Pawnee 0
BOTTOM OF THE 4TH
Pawnee ParksNRec batting - Pitching for Syracuse Squirrel Monkeys : RHP Matt Dunn
Batting: LHB Cho-yun Yip 0-0: Fly out, F8 (Line Drive, 8LM, EV 95.6 MPH)
Batting: LHB Won-shik Yi 0-0: Called Strike
0-1: Ball
1-1: Foul Ball, location: 2F
1-2: Ball
2-2: Ball
3-2: Foul Ball, location: 2F
3-2: SOLO HOME RUN (Line Drive, 9LD, EV 103.8 MPH), Distance : 350 ft
Batting: RHB Manuel Acosta 0-0: Ground out 5-3 (Groundball, 56, EV 108.8 MPH)
Batting: RHB Josh Mawdesley 0-0: Ball
1-0: Called Strike
1-1: Swinging Strike
1-2: Foul Ball, location: 2F
1-2: Strikes out swinging
Bottom of the 4th over - 1 run, 1 hit, 0 errors, 0 left on base; Syracuse 4 - Pawnee 1
TOP OF THE 5TH
Syracuse Squirrel Monkeys batting - Pitching for Pawnee ParksNRec : RHP Bill Slaughter
Batting: SHB John Clements 0-0: Swinging Strike
0-1: Ball
1-1: Ball
2-1: Ball
3-1: Base on Balls
Batting: RHB Garm van Opdorp 0-0: Ball
1-0: Ball
2-0: SINGLE (Groundball, 56D, EV 107.5 MPH)
John Clements to second
Batting: RHB Denis Perrin 0-0: Sac Bunt to P - play at first, batter OUT! 1-3
John Clements to third
Garm van Opdorp to second
Batting: LHB Bud Randall 0-0: Swinging Strike
0-1: Ball
1-1: Ball
2-1: Foul Ball, location: 2F
2-2: Ball
3-2: Foul Ball, location: 2F
3-2: Foul Ball, location: 2F
3-2: Foul Ball, location: 2F
3-2: Foul Ball, location: 2F
3-2: DOUBLE (Groundball, 5L, EV 100.0 MPH)
John Clements scores
Garm van Opdorp scores
Pitching: RHP Ronald Wolfe
Batting: RHB Luis Rodríguez 0-0: Called Strike
0-1: Ground out U3 (Groundball, 3, EV 87.5 MPH)
Bud Randall to third
Batting: RHB Yong-ho Jheon 0-0: Ball
1-0: Ground out 5-3 (Groundball, 56, EV 86.2 MPH)
Top of the 5th over - 2 runs, 2 hits, 0 errors, 1 left on base; Syracuse 6 - Pawnee 1
BOTTOM OF THE 5TH
Pawnee ParksNRec batting - Pitching for Syracuse Squirrel Monkeys : RHP Matt Dunn
Batting: SHB Jake Pinto 0-0: Ball
1-0: Ground out 6-3 (Groundball, 6, EV 81.9 MPH)
Batting: LHB Hori Ikenaki 0-0: Called Strike
0-1: Ball
1-1: Fly out, F8 (Flyball, 8RM, EV 86.2 MPH)
Batting: SHB Ernesto Sacasas 0-0: Foul Ball, location: 2F
0-1: Ball
1-1: SINGLE (Line Drive, 78S, EV 103.1 MPH)
Batting: RHB Hiroshige Ohashi 0-0: Foul Ball, location: 2F
0-1: Ball
1-1: Called Strike
1-2: Ball
2-2: Ball
3-2: SINGLE (Line Drive, 9LS, EV 106.9 MPH)
Ernesto Sacasas to second
Ernesto Sacasas to third
Batting: RHB Axel Chicote 0-0: Ball
1-0: Ball
2-0: Called Strike
2-1: Reached on error, E9 (Flyball, 89XD, EV 78.8 MPH)
Ernesto Sacasas scores
Hiroshige Ohashi to third
Batting: LHB Cho-yun Yip 0-0: Ball
1-0: Fly out, F9 (Line Drive, 9, EV 106.2 MPH)
Bottom of the 5th over - 1 run, 2 hits, 1 error, 2 left on base; Syracuse 6 - Pawnee 2
TOP OF THE 6TH
Syracuse Squirrel Monkeys batting - Pitching for Pawnee ParksNRec : RHP Ronald Wolfe
Batting: LHB Quentin Batkin 0-0: Foul Ball, location: 2F
0-1: Ball
1-1: Ball
2-1: Foul Ball, location: 2F
2-2: Ball
3-2: Strikes out swinging
Batting: RHB Pancho Hernández 0-0: Ball
1-0: Called Strike
1-1: Ball
2-1: Called Strike
2-2: Ball
3-2: Strikes out looking
Batting: RHB Gene Wilson 0-0: Ball
1-0: SOLO HOME RUN (Flyball, 8LXD, EV 97.5 MPH), Distance : 449 ft
Batting: SHB John Clements 0-0: Ball
1-0: Ball
2-0: Ground out 4-3 (Groundball, 4M, EV 106.9 MPH)
Top of the 6th over - 1 run, 1 hit, 0 errors, 0 left on base; Syracuse 7 - Pawnee 2
BOTTOM OF THE 6TH
Pawnee ParksNRec batting - Pitching for Syracuse Squirrel Monkeys : RHP Matt Dunn
Batting: LHB Won-shik Yi 0-0: Ground out 4-3 (Groundball, 4MS, EV 88.8 MPH)
Batting: RHB Manuel Acosta 0-0: Called Strike
0-1: Ball
1-1: Ball
2-1: Foul Ball, location: 2F
2-2: Foul Ball, location: 2F
2-2: Strikes out looking
Batting: RHB Josh Mawdesley 0-0: Ball
1-0: Fly out, F4 (Popup, 4S, EV 69.4 MPH)
Bottom of the 6th over - 0 runs, 0 hits, 0 errors, 0 left on base; Syracuse 7 - Pawnee 2
TOP OF THE 7TH
Syracuse Squirrel Monkeys batting - Pitching for Pawnee ParksNRec : RHP Ronald Wolfe
Batting: RHB Garm van Opdorp 0-0: Ball
1-0: Ball
2-0: Called Strike
2-1: Swinging Strike
2-2: Ball
3-2: Foul Ball, location: 2F
3-2: Strikes out swinging
Batting: RHB Denis Perrin 0-0: Ball
1-0: Fly out, F8 (Flyball, 8LD, EV 93.1 MPH)
Batting: LHB Bud Randall 0-0: DOUBLE (Flyball, 89D, EV 103.8 MPH)
Batting: RHB Luis Rodríguez 0-0: Ball
1-0: Ball
2-0: Foul Ball, location: 2F
2-1: Foul Ball, location: 2F
2-2: Hit by Pitch
Batting: RHB Yong-ho Jheon 0-0: Called Strike
0-1: Foul Ball, location: 2F
0-2: Ball
1-2: Fly out, F8 (Flyball, 8LD, EV 95.0 MPH)
Top of the 7th over - 0 runs, 1 hit, 0 errors, 2 left on base; Syracuse 7 - Pawnee 2
BOTTOM OF THE 7TH
Pawnee ParksNRec batting - Pitching for Syracuse Squirrel Monkeys : RHP Matt Dunn
Batting: SHB Jake Pinto 0-0: Ball
1-0: Ball
2-0: Called Strike
2-1: SINGLE (Line Drive, 78S, EV 95.6 MPH)
Batting: LHB Hori Ikenaki 0-0: Called Strike
0-1: Foul Ball, location: 2F
0-2: Strikes out swinging
Batting: SHB Ernesto Sacasas 0-0: Ball
1-0: Ball
2-0: Called Strike
2-1: Swinging Strike
2-2: Foul Ball, location: 2F
2-2: Strikes out swinging
Pitching: RHP Robert Smith
Batting: RHB Hiroshige Ohashi 0-0: Called Strike
0-1: Ball
1-1: Foul Ball, location: 2F
1-2: Foul Ball, location: 2F
1-2: Fly out, F7 (Flyball, 7LMF, EV 93.1 MPH)
Bottom of the 7th over - 0 runs, 1 hit, 0 errors, 1 left on base; Syracuse 7 - Pawnee 2
TOP OF THE 8TH
Syracuse Squirrel Monkeys batting - Pitching for Pawnee ParksNRec : RHP Ronald Wolfe
Batting: LHB Quentin Batkin 0-0: Swinging Strike
0-1: Ball
1-1: Ball
2-1: Swinging Strike
2-2: Ball
3-2: SINGLE (Flyball, 9LS, EV 91.9 MPH)
Batting: RHB Pancho Hernández 0-0: Ball
1-0: Fly out, F8 (Line Drive, 8LM, EV 96.2 MPH)
Pitching: RHP Randy Keith
Batting: RHB Gene Wilson 0-0: Called Strike
0-1: Ball
1-1: Ball
2-1: Ball
3-1: Fly out, F7 (Flyball, 78S, EV 78.8 MPH)
Batting: SHB John Clements 0-0: Ball
1-0: Foul Ball, location: 2F
1-1: Ball
2-1: Ball
3-1: Base on Balls
Quentin Batkin to second
Batting: RHB Garm van Opdorp 0-0: Called Strike
0-1: Ball
Wild Pitch!
Quentin Batkin to third
John Clements to second
1-1: Ball
2-1: Ball
3-1: Ground out 5-3 (Groundball, 5S, EV 83.8 MPH)
Top of the 8th over - 0 runs, 1 hit, 0 errors, 2 left on base; Syracuse 7 - Pawnee 2
BOTTOM OF THE 8TH
Pawnee ParksNRec batting - Pitching for Syracuse Squirrel Monkeys : RHP Robert Smith
Batting: RHB Axel Chicote 0-0: Ball
1-0: Ball
2-0: SINGLE (Groundball, 25, EV 63.8 MPH) (infield hit)
Batting: LHB Cho-yun Yip 0-0: Ball
1-0: Ball
2-0: Ball
3-0: Base on Balls
Axel Chicote to second
Batting: LHB Won-shik Yi 0-0: Called Strike
0-1: Foul Ball, location: 2F
0-2: Foul Ball, location: 2F
0-2: Foul Ball, location: 2F
0-2: Reached on error, E6 (Groundball, 6, EV 87.5 MPH)
Axel Chicote to third
Cho-yun Yip to second
Batting: RHB Manuel Acosta 0-0: Called Strike
0-1: Ball
1-1: Ball
2-1: DOUBLE (Line Drive, 7LS, EV 107.5 MPH)
Axel Chicote scores
Cho-yun Yip scores
Won-shik Yi to third
Batting: RHB Josh Mawdesley 0-0: Ball
1-0: Called Strike
1-1: Ball
2-1: Ball
3-1: Reached on error, E4 (Popup, 23, EV 84.4 MPH)
Won-shik Yi scores
Manuel Acosta to third
Pitching: RHP Richard Arnie
Batting: SHB Jake Pinto 0-0: Called Strike
0-1: Ball
1-1: Foul Ball, location: 2F
1-2: Strikes out swinging
Batting: LHB Hori Ikenaki 0-0: Called Strike
0-1: Called Strike
0-2: Ground out 4-3 (Groundball, 4MS, EV 75.6 MPH)
Manuel Acosta scores
Josh Mawdesley to second
Batting: SHB Ernesto Sacasas 0-0: Ball
1-0: SINGLE (Groundball, 34D, EV 100.0 MPH)
Josh Mawdesley to third
Runner from 3rd tries for Home, SAFE, no throw by RF
Batting: RHB Hiroshige Ohashi 0-0: Ball
1-0: Swinging Strike
1-1: Ball
2-1: Foul Ball, location: 2F
2-2: Foul Ball, location: 2F
2-2: Ball
3-2: Foul Ball, location: 2F
3-2: Strikes out looking
Bottom of the 8th over - 5 runs, 3 hits, 2 errors, 1 left on base; Syracuse 7 - Pawnee 7
TOP OF THE 9TH
Syracuse Squirrel Monkeys batting - Pitching for Pawnee ParksNRec : RHP Randy Keith
Batting: RHB Denis Perrin 0-0: Ball
1-0: Ball
2-0: Foul Ball, location: 2F
2-1: Ball
3-1: Base on Balls
Batting: LHB Bud Randall 0-0: Ball
1-0: Sac Bunt to 25 - play at first, batter OUT! 5-4
Denis Perrin to second
Batting: RHB Luis Rodríguez 0-0: Swinging Strike
0-1: Ball
1-1: Ball
2-1: Fly out, F7 (Flyball, 7S, EV 90.6 MPH)
Batting: RHB Yong-ho Jheon 0-0: Called Strike
0-1: Foul Ball, location: 2F
0-2: Foul Ball, location: 2F
0-2: Strikes out swinging
Top of the 9th over - 0 runs, 0 hits, 0 errors, 1 left on base; Syracuse 7 - Pawnee 7
BOTTOM OF THE 9TH
Pawnee ParksNRec batting - Pitching for Syracuse Squirrel Monkeys : RHP Richard Arnie
Batting: RHB Axel Chicote 0-0: Ball
1-0: Ball
2-0: Called Strike
2-1: Called Strike
2-2: Ball
3-2: Base on Balls
Batting: LHB Cho-yun Yip 0-0: Ball
1-0: Called Strike
1-1: Ball
2-1: Foul Ball, location: 2F
2-2: Strikes out swinging
Batting: LHB Won-shik Yi 0-0: Called Strike
Axel Chicote steals 2nd base
0-1: Swinging Strike
0-2: Foul Ball, location: 2F
0-2: Ball
1-2: Foul Ball, location: 2F
1-2: Ball
2-2: Foul Ball, location: 2F
2-2: Ball
3-2: Intentional Walk
Batting: RHB Manuel Acosta 0-0: Called Strike
0-1: Ball
1-1: Ball
2-1: Foul Ball, location: 2F
2-2: Foul Ball, location: 2F
2-2: Foul Ball, location: 2F
2-2: Strikes out swinging
Batting: RHB Josh Mawdesley 0-0: Ball
1-0: Swinging Strike
1-1: Called Strike
1-2: Foul Ball, location: 2F
1-2: Ball
2-2: Foul Ball, location: 2F
2-2: Ball
3-2: Fly out, F8 (Flyball, 8RS, EV 86.2 MPH)
Bottom of the 9th over - 0 runs, 0 hits, 0 errors, 2 left on base; Syracuse 7 - Pawnee 7
TOP OF THE 10TH
Syracuse Squirrel Monkeys batting - Pitching for Pawnee ParksNRec : RHP Randy Keith
Pitching: LHP Henry Davis
Batting: LHB Quentin Batkin 0-0: Called Strike
0-1: Ball
1-1: Called Strike
1-2: Foul Ball, location: 2F
1-2: Foul Ball, location: 2F
1-2: Strikes out looking
Batting: RHB Pancho Hernández 0-0: Ball
1-0: Ground out 5-3 (Groundball, 5, EV 101.2 MPH)
Batting: RHB Gene Wilson 0-0: Called Strike
0-1: Fly out, F3 (Popup, 34, EV 75.0 MPH)
Top of the 10th over - 0 runs, 0 hits, 0 errors, 0 left on base; Syracuse 7 - Pawnee 7
BOTTOM OF THE 10TH
Pawnee ParksNRec batting - Pitching for Syracuse Squirrel Monkeys : RHP Richard Arnie
Pitching: LHP Fernando Mora
Batting: SHB Jake Pinto 0-0: Called Strike
0-1: Called Strike
0-2: Ball
1-2: Ball
2-2: Ball
3-2: Foul Ball, location: 2F
3-2: Strikes out swinging
Pinch Hitting: RHB Elmer Kent 0-0: Ball
1-0: Called Strike
1-1: Foul Ball, location: 2F
1-2: Strikes out looking
Batting: SHB Ernesto Sacasas 0-0: Ball
1-0: DOUBLE (Line Drive, 9LM, EV 91.9 MPH)
Batting: RHB Hiroshige Ohashi 0-0: Ball
1-0: Fly out, F8 (Flyball, 8LS, EV 77.5 MPH)
Bottom of the 10th over - 0 runs, 1 hit, 0 errors, 1 left on base; Syracuse 7 - Pawnee 7
TOP OF THE 11TH
Syracuse Squirrel Monkeys batting - Pitching for Pawnee ParksNRec : LHP Henry Davis
Now in LF: Bartolo Álvarez
Batting: SHB John Clements 0-0: Ball
1-0: Fly out, F9 (Flyball, 9S, EV 78.1 MPH)
Batting: RHB Garm van Opdorp 0-0: Ball
1-0: Fly out, F6 (Popup, 4MD, EV 47.5 MPH)
Batting: RHB Denis Perrin 0-0: Ball
1-0: Ball
2-0: Called Strike
2-1: Fly out, F8 (Flyball, 8RM, EV 95.0 MPH)
Top of the 11th over - 0 runs, 0 hits, 0 errors, 0 left on base; Syracuse 7 - Pawnee 7
BOTTOM OF THE 11TH
Pawnee ParksNRec batting - Pitching for Syracuse Squirrel Monkeys : LHP Fernando Mora
Batting: RHB Axel Chicote 0-0: Ball
1-0: Ground out 5-3 (Groundball, 56S, EV 88.1 MPH)
Batting: LHB Cho-yun Yip 0-0: Called Strike
0-1: Ball
1-1: Called Strike
1-2: Ground out 2-3 (Groundball, 15S, EV 75.0 MPH)
Batting: LHB Won-shik Yi 0-0: Ground out 1-3 (Groundball, 15S, EV 68.1 MPH)
Bottom of the 11th over - 0 runs, 0 hits, 0 errors, 0 left on base; Syracuse 7 - Pawnee 7
TOP OF THE 12TH
Syracuse Squirrel Monkeys batting - Pitching for Pawnee ParksNRec : LHP Henry Davis
Pitching: RHP Ricky Mina
Batting: LHB Bud Randall 0-0: Ball
1-0: Ball
2-0: Foul Ball, location: 2F
2-1: Called Strike
2-2: Ball
3-2: Base on Balls
Batting: RHB Luis Rodríguez 0-0: Ball
1-0: Ball
2-0: Ball
3-0: Foul Ball, location: 2F
3-1: SINGLE (Flyball, 9LS, EV 93.1 MPH)
Bud Randall to second
Runner from 2nd tries for 3rd, SAFE, no throw by RF
Batting: RHB Yong-ho Jheon 0-0: Ball
1-0: Ball
2-0: Ball
3-0: Called Strike
3-1: SINGLE (Flyball, 89M, EV 92.5 MPH)
Bud Randall scores
Luis Rodríguez to second
Batting: LHB Quentin Batkin 0-0: Ball
1-0: Ball
2-0: Bunted foul
2-1: Bunt missed!
2-2: Foul Ball, location: 2F
2-2: Foul Ball, location: 2F
2-2: Ball
3-2: Grounds into double play, 6-4-3 (Groundball, 6, EV 92.5 MPH)
Luis Rodríguez to third
Batting: RHB Pancho Hernández 0-0: Called Strike
0-1: Ball
1-1: Ball
2-1: Ball
3-1: Base on Balls
Batting: RHB Gene Wilson 0-0: Ball
1-0: Ground out 4-3 (Groundball, 34, EV 101.2 MPH)
Top of the 12th over - 1 run, 2 hits, 0 errors, 2 left on base; Syracuse 8 - Pawnee 7
BOTTOM OF THE 12TH
Pawnee ParksNRec batting - Pitching for Syracuse Squirrel Monkeys : LHP Fernando Mora
Pitching: RHP Ron Plummer
Now in RF: Jerry Scott
Batting: RHB Manuel Acosta 0-0: Foul Ball, location: 2F
0-1: Foul Ball, location: 2F
0-2: Foul Ball, location: 2F
0-2: Ball
1-2: Ball
2-2: Ball
3-2: SINGLE (Line Drive, 4D, EV 111.2 MPH)
Batting: RHB Josh Mawdesley 0-0: Foul Ball, location: 2F
0-1: Fly out, F8 (Flyball, 8LS, EV 87.5 MPH)
Batting: SHB Jake Pinto 0-0: Ball
1-0: Grounds into double play, 6-4-3 (Groundball, 6, EV 83.8 MPH)
Bottom of the 12th over - 0 runs, 1 hit, 0 errors, 0 left on base; Syracuse 8 - Pawnee 7
Thursday, June 17th, 2021 - OOTP Baseball 20.8 Build 74